 Dungeon Crawl Stone Soup version 0.29-a0-830-gcb1280458a (webtiles) character file.

Game seed: 13641700244367575589

926 jlumianski the Chopper (level 7, -2/55 HPs)
             Began as a Demonspawn Fighter on July 11, 2022.
             Killed by divine providence
             ... invoked by an orc priest
              (10 damage)
             ... on level 5 of the Dungeon.
             The game lasted 00:14:11 (4392 turns).

jlumianski the Chopper (Demonspawn Fighter)         Turns: 4392, Time: 00:14:12

Health: -2/55      AC: 10    Str: 19    XL:     7   Next: 85%
Magic:  7/7        EV: 11    Int:  9    God:
Gold:   124        SH: 13    Dex: 12    Spells: 6/6 levels left

rFire   . . .      SeeInvis .   t - +2 broad axe
rCold   . . .      Faith    .   c - +0 buckler
rNeg    . . .      Spirit   .   j - +0 chain mail
rPois   .          Reflect  .   (no helmet)
rElec   .          Harm     .   (no cloak)
rCorr   .          Rampage  .   (no gloves)
Will    .....                   e - +0 pair of boots
Stlth   ..........              (no amulet)
HPRegen 0.18/turn               h - +4 ring of evasion
MPRegen 0.10/turn               (no ring)

@: no status effects
A: large bone plates 3
a: no special abilities


You were on level 5 of the Dungeon.
You visited 1 branch of the dungeon, and saw 5 of its levels.

You collected 232 gold pieces.
You spent 108 gold pieces at shops.

Inventory:

Hand Weapons
 a - a +0 war axe
 t - a +2 broad axe (weapon)
Missiles
 i - 43 stones (quivered)
 o - 2 throwing nets
 w - 4 boomerangs
Armour
 b - a +0 scale mail
 c - a +0 buckler (worn)
 e - a +0 pair of boots (worn)
 j - a +0 chain mail (worn)
Jewellery
 h - a +4 ring of evasion (left hand)
 n - an amulet of faith
Scrolls
 f - 5 scrolls of teleportation
 k - 3 scrolls of blinking
 v - a scroll of noise
Potions
 d - a potion of might
 g - 2 potions of ambrosia
 l - a potion of mutation {unknown}
 m - a potion of resistance
 p - 2 potions of heal wounds
 q - a potion of haste
 r - a potion of curing
 s - a potion of degeneration
 u - a potion of attraction


   Skills:
 + Level 4.8 Fighting
 + Level 6.0 Axes
 + Level 0.1 Throwing
 + Level 4.1 Armour
 + Level 0.7 Dodging
 + Level 0.1 Stealth
 + Level 4.1 Shields


You had 6 spell levels left.
You didn't know any spells.
Your spell library contained the following spells:

 Spells                   Type           Power      Damage    Failure   Level
 Summon Small Mammal      Summ           0%         N/A       99%         1
 Call Imp                 Summ           0%         N/A       100%        2
 Conjure Flame            Conj/Fire      0%         6-21      100%        3
 Ignite Poison            Fire/Tmut/Pois 0%         N/A       100%        3
 Passage of Golubria      Tloc           0%         N/A       100%        4
 Sticky Flame             Conj/Fire      0%         2d3       100%        4
 Silence                  Hex/Air        0%         N/A       100%        5
 Haunt                    Necr/Summ      0%         N/A       100%        7
 Lehudib's Crystal Spear  Conj/Erth      0%         10d2      100%        8
 Dragon's Call            Summ           0%         N/A       100%        9


Dungeon Overview and Level Annotations

Branches:
Dungeon (5/15)
 Temple: D:4-7

Altars:
Uskayaw
Vehumet
Wu Jian

Shops:
D:4 *

Annotations:
D:5 3 runed translucent doors, CInkIbrahim's ghost, amateur GrGl


Innate Abilities, Weirdness & Mutations

You are completely covered in large bone plates. (SH +8)


Message History

The bullfrog is heavily wounded.
The bullfrog barely misses you. You block the bullfrog's attack.
You slash the bullfrog!
The bullfrog is almost dead.
You block the bullfrog's attack. The bullfrog barely misses you.
You slash the bullfrog!
You kill the bullfrog!
The orc priest invokes the aid of Beogh against you.
Beogh smites you! You block the iguana's attack.
You hear an angry hiss.
You hit the iguana but do no damage. You closely miss the orc.
You slash the iguana! You block the iguana's attack.
The orc hits you but does no damage.
The orc priest invokes the aid of Beogh against you.
Beogh smites you! The gnoll barely misses you.
You slash the orc!
You kill the orc!
You hit the iguana. You block the iguana's attack.
The gnoll hits you from afar with a +0 halberd.
The iguana closely misses you. x2; You block the gnoll's attack.
You slash the iguana!
You kill the iguana!
You hit the iguana. The iguana closely misses you.
You block the gnoll's attack.
Your Axes skill increases to level 6!
You barely miss the iguana.
The iguana is moderately wounded.
The iguana barely misses you. The gnoll barely misses you.
You hit the iguana but do no damage.
The iguana is moderately wounded.
The iguana bites you! You block the gnoll's attack. The iguana bites you!
* * * LOW HITPOINT WARNING * * *
The orc priest looks satisfied for a moment.
You block the gnoll's attack. The iguana attacks as you move away!
The iguana completely misses you.
The orc priest casts a cantrip, but nothing happens.
The iguana attacks as you move away! You block the iguana's attack.
The orc priest mumbles some strange prayers to Beogh against you.
Beogh smites you!
You die...

#...#....# #......8.# #...#
#........# #...+ #........##
#...# ##........##### ### #...#
#............# #... #...#
#........#...# ..... #...#
#######............#
.(....#...####hl@......≈≈≈≈##....
......'...##.g...[#...≈≈≈≈###....
.h....#...##.....##..≈≈≈.#.#...#.


.S.Fo #..)#......##..≈≈.......### #... #.S.o)...####.............. ###
########## ###..........8. #............ ###.........### ...........#... You
could see a black bear, an iguana, an orc priest and a gnoll.

Vanquished Creatures
  Sigmund (D:3)
  2 phantoms (D:5)
  A bullfrog (D:5)
  A necrophage (D:4)
  A howler monkey (D:5)
  2 hounds (D:5)
  A jelly (D:4)
  2 orc priests
  2 iguanas
  An orc wizard (D:3)
  2 adders
  10 gnolls
  2 worms
  A dart slug (D:1)
  23 orcs
  6 ball pythons
  8 bats
  5 endoplasms
  4 giant cockroaches
  4 goblins
  A hobgoblin (D:4)
  4 jackals (D:2)
  2 quokkas
  3 frilled lizards
  3 kobolds
  5 rats
97 creatures vanquished.

Notes
Turn   | Place    | Note
-------+----------+-------------------------------------------
     0 | D:1      | jlumianski the Demonspawn Fighter began the quest for the
                  | Orb.
     0 | D:1      | Reached XP level 1. HP: 18/18 MP: 1/1
   265 | D:1      | Gained mutation: You are partially covered in large bone
                  | plates. (SH +4) [demonic ancestry]
   265 | D:1      | Reached XP level 2. HP: 23/24 MP: 2/2
   278 | D:1      | Reached skill level 2 in Axes
   311 | D:1      | Found a faded altar of an unknown god.
  1238 | D:2      | Gained mutation: You are mostly covered in large bone
                  | plates. (SH +6) [demonic ancestry]
  1238 | D:2      | Reached XP level 3. HP: 29/29 MP: 3/3
  1532 | D:2      | Reached XP level 4. HP: 37/37 MP: 4/4
  2013 | D:3      | Reached skill level 3 in Axes
  2040 | D:3      | Got the Encyclopedia of Perfectionism
  2123 | D:3      | Noticed Sigmund
  2136 | D:3      | Killed Sigmund
  2137 | D:3      | Reached skill level 4 in Axes
  2137 | D:3      | Reached XP level 5. HP: 18/42 MP: 5/5
  2137 | D:3      | Gained mutation: You are completely covered in large bone
                  | plates. (SH +8) [demonic ancestry]
  2137 | D:3      | Reached XP level 6. HP: 21/48 MP: 6/6
  2711 | D:3      | Found a radiant altar of Vehumet.
  3147 | D:4      | Found Ogihoype's Assorted Antiques.
  3197 | D:4      | Bought a broad axe for 108 gold pieces
  3546 | D:4      | Found an ornate altar of the Wu Jian Council.
  3546 | D:4      | Found a hide-covered altar of Uskayaw.
  3950 | D:5      | Entered Level 5 of the Dungeon
  3981 | D:5      | Reached XP level 7. HP: 52/55 MP: 7/7
  4061 | D:5      | Reached skill level 5 in Axes
  4071 | D:5      | Found a runed translucent gate.
  4072 | D:5      | Found a runed translucent gate.
  4072 | D:5      | Noticed CInkIbrahim's ghost (amateur GrGl)
  4073 | D:5      | Found a runed translucent gate.
  4073 | D:5      | Noticed a komodo dragon
  4386 | D:5      | Reached skill level 6 in Axes
  4392 | D:5      | Killed from afar by an orc priest

Illustrated notes

Levels and vault maps discovered:
D:1:      dpeg_arrival_windows_large_door, layout_loops_ring,
          dreamdust_ecumenical_altar_hidden_monk_grotto
D:2:      layout_basic
D:3:      layout_rooms, nicolae_vehumet_altar_sigil, uniq_sigmund
D:4:      layout_basic, gammafunk_temple_overflow_elements, serial_shops,
          nicolae_stop_n_shop_2, dreamdust_princess_corridor
D:5:      minmay_opposing_rooms, layout_cave_pools, gammafunk_ghost_split,
          serial_column_ruins, column_ruins_columns_corner,
          column_ruins_open_tiny, column_ruins_open_tiny_water,
          column_ruins_open_small, column_ruins_grid_1, column_ruins_open_large

Skill      XL: |  1  2  3  4  5  6  7 |
---------------+----------------------+-----
Axes           | 2 4 6 |  6.0
Armour         | 3 4 |  4.1
Shields        | 3 4 |  4.1
Fighting       | 4 |  4.8
Throwing       | |  0.1
Dodging        | |  0.7
Stealth        | |  0.1

Action                   |  1- 3 |  4- 6 |  7- 9 || total
-------------------------+-------+-------+-------++-------
Melee: War axe           |    76 |   149 |       ||   225
       Broad axe         |       |    17 |    79 ||    96
Throw: Stone             |       |     2 |       ||     2
  Use: Potion            |     1 |     2 |       ||     3
       Scroll            |       |    15 |       ||    15
Armor: Scale mail        |     8 |       |       ||     8
       Chain mail        |    20 |    72 |    28 ||   120
Dodge: Dodged            |    43 |    84 |    45 ||   172
Block: Buckler           |    54 |    92 |    82 ||   228

Table legend: (Time is in decaauts)
 A = Elapsed time spent in this place.
 B = Non-inter-level travel time spent in this place.
 C = Inter-level travel time spent in this place.
 D = Time resting spent in this place.
 E = Time spent auto-exploring this place.
 F = Levels seen in this place.
 G = Mean time per level.
                   A        B        C        D        E       F      G
               +--------+--------+--------+--------+--------+-----+--------+
         Total |   4520 |   4491 |     29 |    719 |   2090 |   5 |  904.0 |
       Dungeon |   4520 |   4491 |     29 |    719 |   2090 |   5 |  904.0 |
               +--------+--------+--------+--------+--------+-----+--------+

Top non-repeatable levels by time:
     D:2: 1240 daAuts
     D:1: 1053 daAuts
     D:3: 944 daAuts
     D:4: 881 daAuts
     D:5: 400 daAuts
